 Dungeon Crawl Stone Soup version 0.31.0-11-ge490571c62 (webtiles) character file.

Game seed: 6626974892685947045

414 qw the Shooter (level 6, -10/30 HPs)
             Began as a Spriggan Hunter on Feb 4, 2024.
             Was a Follower of Okawaru.
             Mangled by an ogre
             ... wielding a +0 giant spiked club
              (15 damage)
             ... on level 5 of the Dungeon.
             The game lasted 00:00:14 (2895 turns).

qw the Shooter (Spriggan Hunter)                    Turns: 2895, Time: 00:00:14

Health: -10/30     AC:  4    Str:  7    XL:     6   Next: 60%
Magic:  7/7        EV: 21    Int: 11    God:    Okawaru [*.....]
Gold:   209        SH:  0    Dex: 20    Spells: 5/5 levels left

rFire   . . .        a - +0 shortbow
rCold   . . .        (shield currently unavailable)
rNeg    . . .        f - +2 robe {Will+}
rPois   .            (helmet restricted)
rElec   .            (no cloak)
rCorr   .            (gloves unavailable)
SInv    +            (boots unavailable)
Will    ++...        e - amulet of regeneration
Stlth   ++           (no ring)
HPRegen 1.05/turn    (no ring)
MPRegen 0.10/turn

%: no passive effects
@: about to teleport, very quick
A: very small, no large weapons, unfitting armour, see invisible, speed 3
a: Renounce Religion, Heroism


You were on level 5 of the Dungeon.
You worshipped Okawaru.
Okawaru was aware of your devotion.
You visited 2 branches of the dungeon, and saw 6 of its levels.

You collected 209 gold pieces.


Innate Abilities, Weirdness & Mutations

You are very small and have problems with some larger weapons.
You are too small for most types of armour.
You have supernaturally acute eyesight. (SInv)
You cover ground extremely quickly. (Speed+++)


   Skills:
 - Level 2.2 Fighting
 + Level 6.4 Ranged Weapons
 - Level 6.1 Dodging
 - Level 1.5 Stealth
 + Level 0.0 Invocations


You had 5 spell levels left.
You didn't know any spells.
Your spell library was empty.

Inventory:

Hand Weapons
 a - a +0 shortbow (weapon)
Armour
 f - a +2 robe of willpower (worn)
Jewellery
 e - an amulet of regeneration (around neck)
Potions
 b - a potion of heal wounds {unknown}
 c - a potion of brilliance {unknown}
 d - a potion of might
 g - a potion of attraction {unknown}
 h - a potion of enlightenment {unknown}
 j - a potion of haste

Dungeon Overview and Level Annotations

Branches:
Dungeon (5/15)             Temple (1/1) D:4

Altars:
Dithmenos
Fedhas
Gozag
Hepliaklqana
Nemelex Xobeh
Okawaru
Ru
Sif Muna
Trog
Zin
The Shining One

Annotations:
D:3 3 runed translucent doors, qw's ghost, amateur SpHu


Message History

The centaur shoots an arrow.
The arrow completely misses you.
The centaur shoots an arrow.
The arrow completely misses you.
You shoot an arrow. The arrow hits the centaur!
You kill the centaur!
Okawaru accepts your kill.
You can now gain great but temporary skills.
c - an inky potion
Found a stone staircase leading down.
There is a stone staircase leading down here.
You now have 209 gold pieces (gained 12).
An ogre comes into view. It is wielding a +0 giant spiked club.
You shoot an arrow. The arrow hits the ogre.
The ogre shouts!
The ogre is lightly wounded.
You shoot an arrow.
The arrow hits the ogre but does no damage.
The ogre is lightly wounded.
You shoot an arrow.
The arrow hits the ogre but does no damage.
The ogre is lightly wounded.
You shoot an arrow. The arrow hits the ogre.
The ogre is moderately wounded.
A dart slug comes into view.
You shoot an arrow. The arrow completely misses the ogre.
The ogre barely misses you.
You shoot an arrow. The arrow hits the ogre!
The ogre is severely wounded.
The dart slug launches a dart at you. The slug dart hits you.
You shoot an arrow. The arrow completely misses the ogre.
The ogre hits you with a +0 giant spiked club!!
Ouch! That really hurt!
The dart slug launches a dart at you. The slug dart misses you.
2895 ||| READING scroll of teleportation.
As you read the scroll of teleportation, it crumbles to dust.
You feel strangely unstable.
The ogre hits you with a +0 giant spiked club!
Ouch! That really hurt!
You die...

.......
.......##
........####
.8.8..... .###
w...... ...
....##.# #
#.O...#.###
#.@.......#
####.#......#
+.....>####.#
#....#.#... #
#.####.#.##.#
#............#
#..####.#.#.....
. .. #..#.#####.
...#..#.....#


You could see an ogre and a dart slug.

Vanquished Creatures
  A centaur (D:5)
  2 bombardier beetles (D:4)
  A hound (D:4)
  A sleepcap (D:4)
  An orc wizard (D:3)
  4 gnolls (D:4)
  4 adders
  4 dart slugs
  A ribbon worm (D:2)
  6 orcs (D:3)
  6 bats
  7 endoplasms
  2 giant cockroaches (D:1)
  6 goblins
  11 hobgoblins
  2 jackals (D:2)
  8 kobolds
  A quokka (D:2)
  10 ball pythons
  3 frilled lizards
  8 rats
89 creatures vanquished.

Notes
Turn   | Place    | Note
-------+----------+-------------------------------------------
     0 | D:1      | qw the Spriggan Hunter began the quest for the Orb.
     0 | D:1      | Reached XP level 1. HP: 10/10 MP: 2/2
     0 | D:1      | 0 ||| qw: Version: 0.3-a-160-g6735b56
     0 | D:1      | 0 ||| qw: Game counter: 5616
     0 | D:1      | 0 ||| qw: Melee chars always use a shield: true
     0 | D:1      | 0 ||| qw: God list: Okawaru
     0 | D:1      | 0 ||| qw: Allow faded altars: false
     0 | D:1      | 0 ||| qw: Do Orc after clearing Dungeon:15 true
     0 | D:1      | 0 ||| qw: Do second Lair branch before Depths: true
     0 | D:1      | 0 ||| qw: Lair rune preference: random
     0 | D:1      | 0 ||| qw: Goals: Normal
     0 | D:1      | 0 ||| PLANNING D:1-11
    69 | D:1      | Reached skill level 3 in Dodging
   243 | D:1      | Reached XP level 2. HP: 14/14 MP: 3/3
   662 | D:1      | 662 ||| READING scroll labelled LUGHIA HEGE.
   662 | D:1      | 662 ||| IDENTIFYING glowing dark potion
   663 | D:1      | 663 ||| READING scroll labelled NAIHUSEO KOSO.
   667 | D:1      | 667 ||| DRINKING 2 glowing pink potions.
   668 | D:1      | 668 ||| DROPPING scroll of butterflies.
   669 | D:1      | 669 ||| DROPPING potion of berserk rage.
   728 | D:2      | Found a faded altar of an unknown god.
   734 | D:2      | Reached XP level 3. HP: 15/18 MP: 4/4
   734 | D:2      | 734 ||| FLEEEEING.
   735 | D:2      | 735 ||| FLEEEEING.
   736 | D:2      | 736 ||| FLEEEEING.
   737 | D:2      | 737 ||| FLEEEEING.
   738 | D:2      | 738 ||| FLEEEEING.
   739 | D:2      | 739 ||| FLEEEEING.
   740 | D:2      | 740 ||| FLEEEEING.
   741 | D:2      | 741 ||| FLEEEEING.
   811 | D:2      | 811 ||| FLEEEEING.
   813 | D:2      | 813 ||| FLEEEEING.
  1212 | D:2      | Reached XP level 4. HP: 16/22 MP: 5/5
  1369 | D:3      | Found a runed translucent gate.
  1369 | D:3      | Found a runed translucent gate.
  1370 | D:3      | Found a runed translucent gate.
  1522 | D:3      | 1522 ||| FLEEEEING.
  1523 | D:3      | 1523 ||| STAIRDANCE
  1602 | D:3      | 1602 ||| RETREEEEATING.
  1603 | D:3      | 1603 ||| RETREEEEATING.
  1606 | D:3      | Reached XP level 5. HP: 18/26 MP: 6/6
  1727 | D:3      | Noticed qw's ghost (amateur SpHu)
  1846 | D:3      | 1846 ||| UPGRADING to +2 robe of willpower.
  1856 | D:3      | 1856 ||| DROPPING +0 robe.
  1857 | D:3      | 1857 ||| READING scroll labelled QORAHU OVO WICH.
  1858 | D:3      | 1858 ||| READING scroll labelled TASAIH MELITT.
  1859 | D:3      | 1859 ||| DRINKING 2 purple potions.
  1870 | D:4      | Found a staircase to the Ecumenical Temple.
  1871 | D:4      | 1871 ||| PLANNING TEMPLE
  1877 | Temple   | Entered the Ecumenical Temple
  1878 | Temple   | 1878 ||| PLANNING OKAWARU WORSHIP
  1906 | Temple   | Became a worshipper of Warmaster Okawaru
  1907 | Temple   | 1907 ||| PLANNING D:1-11
  2334 | D:4      | Found an opulent altar of Gozag.
  2346 | D:4      | Reached skill level 6 in Ranged Weapons
  2358 | D:4      | Reached XP level 6. HP: 26/30 MP: 7/7
  2637 | D:4      | Reached skill level 6 in Dodging
  2739 | D:4      | 2739 ||| UPGRADING to amulet of regeneration.
  2744 | D:4      | 2744 ||| READING scroll labelled PUSHIMAGOU.
  2745 | D:4      | 2745 ||| READING scroll labelled JAL WISECIR.
  2763 | D:5      | Entered Level 5 of the Dungeon
  2783 | D:5      | Found a glowing golden altar of the Shining One.
  2789 | D:5      | 2789 ||| FLEEEEING.
  2790 | D:5      | 2790 ||| FLEEEEING.
  2791 | D:5      | 2791 ||| FLEEEEING.
  2792 | D:5      | 2792 ||| FLEEEEING.
  2797 | D:5      | 2797 ||| FLEEEEING.
  2811 | D:5      | 2811 ||| FLEEEEING.
  2819 | D:5      | 2819 ||| FLEEEEING.
  2829 | D:5      | 2829 ||| FLEEEEING.
  2836 | D:5      | 2836 ||| FLEEEEING.
  2844 | D:5      | 2844 ||| FLEEEEING.
  2850 | D:5      | 2850 ||| FLEEEEING.
  2863 | D:5      | Reached * piety under Okawaru
  2894 | D:5      | HP: 4/30 [ogre/+0 giant spiked club (23)]
  2895 | D:5      | 2895 ||| READING scroll of teleportation.
  2895 | D:5      | Mangled by an ogre

Levels and vault maps discovered:
D:1:      mrwooster_arrival_statue_2, layout_basic, serial_forest,
          infiniplex_forest_join, infiniplex_forest_clump_medium,
          infiniplex_forest_clump_long, infiniplex_forest_clump_C,
          infiniplex_forest_clump_small, infiniplex_forest_straight_2,
          infiniplex_forest_zigzag_2, minmay_pentomino_r2
D:2:      layout_loops_ring, hellmonk_ecumenical_altar_dog_temple
D:3:      layout_rooms, gammafunk_ghost_necromancy
D:4:      layout_cave_pods, grunt_gozag_statues, minmay_temple_entry_mini_moons
D:5:      layout_basic, mainiacjoe_overflow_catwalk,
          eat_drink_and_be_merry_uskayaw, ebering_ghost_reflecting_pool,
          chequers_garden, uniq_prince_ribbit1
Temple:   grunt_temple_mini_profane

Skill      XL: |  1  2  3  4  5  6 |
---------------+-------------------+-----
Dodging        | 3 4 5 6 |  6.1
Ranged Weapons | 5 6 |  6.4
Fighting       | 2 |  2.2
Stealth        | |  1.5

Action                     |  1- 3 |  4- 6 || total
---------------------------+-------+-------++-------
   Fire: Shortbow          |   114 |   153 ||   267
    Use: Scroll            |     2 |     5 ||     7
         Potion            |     1 |     1 ||     2
 Armour: Robe              |     8 |    24 ||    32
  Dodge: Dodged            |    16 |    54 ||    70

Table legend:
 A = Non-vault XP
 B = Vault XP
 C = Vault XP percentage of total XP
 D = Non-vault monster count
 E = Vault monster count
 F = Vault count percentage of total count
                 A         B        C        D         E       F
            +---------+---------+-------+---------+---------+-------
      Total |     585 |       7 |   1.2 |      85 |       4 |   4.5
            +---------+---------+-------+---------+---------+-------
        D:1 |      35 |       3 |   7.9 |      17 |       2 |  10.5
        D:2 |      72 |       4 |   5.3 |      28 |       2 |   6.7
        D:3 |     102 |       0 |   0.0 |      24 |       0 |   0.0
        D:4 |     264 |       0 |   0.0 |      15 |       0 |   0.0
        D:5 |     112 |       0 |   0.0 |       1 |       0 |   0.0
            +---------+---------+-------+---------+---------+-------
